 Dungeon Crawl Stone Soup version 0.31-a0-210-gccc998df9b (webtiles) character file.

Game seed: 3975239774421622587

26 nono the Trooper (level 3, 0/30 HPs)
             Began as a Formicid Cinder Acolyte on June 30, 2023.
             Was a High Priest of Ignis.
             Succumbed to an adder's poison
             ... on level 2 of the Dungeon.
             The game lasted 00:02:20 (730 turns).

nono the Trooper (Formicid Cinder Acolyte)           Turns: 730, Time: 00:02:21

Health: 0/30       AC: 12    Str: 20    XL:     3   Next: 22%
Magic:  4/4        EV: 11    Int: 13    God:    Ignis [*****.]
Gold:   85         SH:  0    Dex:  9    Spells: 4/4 levels left

rFire   + . .        a - -1 hand axe (flame)
rCold   . . .        (no shield)
rNeg    . . .        b - +0 robe
rPois   .            (helmet unavailable)
rElec   .            (no cloak)
rCorr   +            h - +2 pair of gloves
SInv    +            (no boots)
Will    .....        (no amulet)
Stlth   +            e - ring of resist corrosion
HPRegen 0.25/turn    (no ring)
MPRegen 0.09/turn

%: no passive effects
@: lethally poisoned (0 -> 0), fiery-armoured
A: permanent stasis, dig shafts and tunnels, antennae 3, four strong arms
a: Dig, Shaft Self, Renounce Religion, Fiery Armour, Foxfire Swarm, Rising Flame


You were on level 2 of the Dungeon.
You worshipped Ignis.
Ignis was extremely pleased with you.
You visited 1 branch of the dungeon, and saw 2 of its levels.

You collected 85 gold pieces.

Inventory:

Hand Weapons
 a - a -1 hand axe of flaming (weapon)
 d - a +4 sling
Armour
 b - a +0 robe (worn)
 h - a +2 pair of gloves (worn)
Jewellery
 e - a ring of resist corrosion (left hand)
Scrolls
 f - a scroll of fear {unknown}
 g - a scroll of identify {unknown}


   Skills:
 + Level 3.7 Fighting
 + Level 3.4 Axes
 + Level 1.3 Armour
 - Level 1.1 Spellcasting
 - Level 3.0 Fire Magic


You had 4 spell levels left.
You didn't know any spells.
Your spell library contained the following spells:

 Spells                   Type           Power      Damage    Failure   Level
 Scorch                   Fire           16%        2d5       12%         2
 Static Discharge         Conj/Air       0%         2-2/arc   38%         2
 Airstrike                Air            0%         2d(0-16)  95%         4
 Summon Lightning Spire   Summ/Air       0%         N/A       95%         4


Dungeon Overview and Level Annotations

Branches:
Dungeon (2/15)

Altars:


Innate Abilities, Weirdness & Mutations

You cannot be hasted, slowed, berserked, paralysed or teleported.
You can dig through walls and to a lower floor.
You have a pair of large antennae on your head. (SInv)
Your four strong arms can wield two-handed weapons with a shield.


Message History

You are poisoned.
The adder poisons you!
You miss the adder.
You feel sick. The adder barely misses you.
You hit the adder. You burn the adder.
The adder is moderately wounded.
You feel sick. The adder bites you.
You are more poisoned.
The adder poisons you!
You barely miss the adder.
The adder is moderately wounded.
You feel sick. The adder bites you. x2
You are too injured to fight recklessly!
A protective cloak of flame settles atop you.
You feel sick. The adder bites you.
* * * LOW HITPOINT WARNING * * *
The adder is burned by your cloak of flames.
The adder is severely wounded.
You barely miss the adder.
The adder is severely wounded.
You feel sick. The adder bites you but does no damage.
The adder is burned by your cloak of flames.
The adder is almost dead.
You hit the adder. You burn the adder.
You kill the adder!
* * * LOW HITPOINT WARNING * * *
You feel sick.
You have reached level 3!
Your experience leads to an increase in your attributes!
Increase (S)trength, (I)ntelligence, or (D)exterity?
You feel stronger. x2
It was a potion of haste.
Your stasis prevents you from being hasted.
You feel sick.
You hit the worm but do no damage.
You feel sick. The worm bites you.
* * * LOW HITPOINT WARNING * * *
The worm is burned by your cloak of flames.
The worm is moderately wounded.
You hit the worm but do no damage.
The worm is moderately wounded.
You die...

#....#.<#
########.)....#####
.....................
..#########.#########
#.## #..# #..####
##....######
##.@†.?...#
#.w....... #........!
#..>...... #.........
<......... #.........
#.>.......


You could see a worm.

Vanquished Creatures
  An adder (D:2)
  An endoplasm (D:1)
  A giant cockroach (D:1)
  5 goblins
  2 quokkas (D:1)
  3 bats (D:1)
  2 frilled lizards (D:1)
  2 rats (D:1)
17 creatures vanquished.

Notes
Turn   | Place    | Note
-------+----------+-------------------------------------------
     0 | D:1      | nono the Formicid Cinder Acolyte began the quest for the
                  | Orb.
     0 | D:1      | Reached XP level 1. HP: 18/18 MP: 2/2
   269 | D:1      | Reached XP level 2. HP: 24/24 MP: 3/3
   454 | D:1      | Reached skill level 1 in Armour
   728 | D:2      | Reached XP level 3. HP: 5/30 MP: 4/4
   729 | D:2      | HP: 1/30 [worm (2)]
   730 | D:2      | Succumbed to an adder's poison

Illustrated notes

Levels and vault maps discovered:
D:1:      kilobyte_arrival_exit_the_forest, layout_rooms
D:2:      layout_rooms, hellmonk_ecumenical_altar_leap_of_faith, serial_shops,
          shop

Skill      XL: |  1  2 |
---------------+-------+-----
Armour         | 1 |  1.3
Fighting       | |  3.7
Axes           | |  3.4
Spellcasting   | |  1.1
Fire Magic     | |  3.0

Action                     || total
---------------------------++-------
  Melee: Hand axe          ||    56
 Invoke: Fiery Armour      ||     1
    Use: Potion            ||     1
 Armour: Robe              ||    15
  Dodge: Dodged            ||    35

Table legend: (Time is in decaauts)
 A = Elapsed time spent in this place.
 B = Non-inter-level travel time spent in this place.
 C = Inter-level travel time spent in this place.
 D = Time resting spent in this place.
 E = Time spent auto-exploring this place.
 F = Levels seen in this place.
 G = Mean time per level.
                   A        B        C        D        E       F      G
               +--------+--------+--------+--------+--------+-----+--------+
         Total |    742 |    696 |     46 |      0 |    551 |   2 |  371.0 |
       Dungeon |    742 |    696 |     46 |      0 |    551 |   2 |  371.0 |
               +--------+--------+--------+--------+--------+-----+--------+

Top non-repeatable levels by time:
     D:1: 702 daAuts
     D:2: 39 daAuts
